 Dungeon Crawl Stone Soup version 0.23-a0-655-g3751e1c (webtiles) character file.

217 galech the Shield-Bearer (level 5, -1/42 HPs)
             Began as a Demonspawn Fighter on Jan 7, 2019.
             Slain by an orc
             ... wielding a +1 trident of distortion
              (8 damage)
             ... on level 3 of the Dungeon.
             The game lasted 00:03:24 (3216 turns).

galech the Shield-Bearer (Demonspawn Fighter)       Turns: 3216, Time: 00:03:25

Health: -1/42      AC:  5    Str: 22    XL:     5   Next: 62%
Magic:  5/5        EV:  8    Int:  9    God:
Gold:   165        SH: 10    Dex: 13    Spells: 4/4 levels left

rFire    + . .     SeeInvis +   a - +0 war axe
rCold    . . .     Gourm    .   c - +0 shield
rNeg     . . .     Faith    .   m - +0 ring mail {MR+}
rPois    .         Spirit   .   (no helmet)
rElec    .         Reflect  .   (no cloak)
rCorr    .         Harm     .   (no gloves)
MR       +....                  (no boots)
Stlth    +.........             (no amulet)
HPRegen  0.14/turn              r - ring of see invisible
MPRegen  0.09/turn              (no ring)

@: mighty
A: fire resistance 1, powered by pain 2
a: no special abilities


You were on level 3 of the Dungeon.
You were hungry.

You visited 1 branch of the dungeon, and saw 3 of its levels.

You collected 165 gold pieces.

Inventory:

Hand Weapons
 a - a +0 war axe (weapon)
Armour
 b - a +0 scale mail
 c - a +0 shield (worn)
 m - a +0 ring mail of magic resistance (worn)
Jewellery
 r - a ring of see invisible (left hand)
Wands
 n - a wand of random effects (25)
Scrolls
 e - 3 scrolls of amnesia {unknown}
 h - a scroll of enchant armour {unknown}
 i - 2 scrolls of identify {unknown}
 k - 2 scrolls of fear {unknown}
 s - 3 scrolls of enchant weapon {unknown}
 t - a scroll of fog {unknown}
Potions
 g - a potion of degeneration {unknown}
 j - a potion of curing {unknown}
 l - a potion of berserk rage {unknown}
 o - 2 potions of cancellation {unknown}
 q - 2 potions of resistance {unknown}
Comestibles
 f - 5 rations
 p - a chunk of flesh


   Skills:
 + Level 3.7 Fighting
 + Level 3.3 Axes
 + Level 3.4 Armour
 + Level 0.9 Dodging
 + Level 3.8 Shields


You had 4 spell levels left.
You didn't know any spells.
Your spell library was empty.

Dungeon Overview and Level Annotations

Branches:
Dungeon (3/15)

Altars:
Gozag
Makhleb
Nemelex Xobeh
Qazlal
Ru
Uskayaw
Vehumet
Xom
Zin


Innate Abilities, Weirdness & Mutations

Your flesh is heat resistant. (rF+)
You sometimes gain power by taking damage.


Message History

You are too injured to fight recklessly!
You are too injured to fight recklessly!
You are too injured to fight recklessly!
You are too injured to fight recklessly!
You are too injured to fight recklessly!
You are too injured to fight recklessly!
You are too injured to fight recklessly!
You are too injured to fight recklessly!
You are too injured to fight recklessly!
You are too injured to fight recklessly!
You feel very mighty all of a sudden. The orc barely misses you.
You block the orc's attack.
You slice the orc!!
You kill the orc!
You block the orc's attack.
The orc priest calls down the wrath of Beogh upon you.
Beogh smites you!
* * * LOW HITPOINT WARNING * * *
The orc hits you with a +1 trident of distortion!
You die...

#..# ##...##
###.###### #####..#
##+# #.# #......#
#.# #.###.## #.#
#.###.# ###
########.# ......#
.... #........#
#........ #...
#.########
#######.#.##..o##.#
....)oo@.#
####.#####


You could see an orc priest and 2 orcs.

Vanquished Creatures
  Jessica (D:2)
  Natasha (thrice) (D:2)
  3 adders
  A shadow imp (D:3)
  2 worms (D:2)
  2 dart slugs
  3 leopard geckos
  An orc (D:3)
  6 goblins
  9 hobgoblins
  14 jackals
  6 bats
  5 frilled lizards
  4 kobolds
  8 rats
68 creatures vanquished.

Notes
Turn   | Place    | Note
-------+----------+-------------------------------------------
     0 | D:1      | galech the Demonspawn Fighter began the quest for the Orb.
     0 | D:1      | Reached XP level 1. HP: 18/18 MP: 1/1
   315 | D:1      | Gained mutation: You sometimes gain a little power by
                  | taking damage. [demonic ancestry]
   315 | D:1      | Reached XP level 2. HP: 19/24 MP: 2/2
  1074 | D:2      | Reached XP level 3. HP: 27/29 MP: 3/3
  1250 | D:2      | Noticed Jessica
  1254 | D:2      | Killed Jessica
  1254 | D:2      | Gained mutation: Your flesh is heat resistant. (rF+)
                  | [demonic ancestry]
  1254 | D:2      | Reached XP level 4. HP: 14/35 MP: 4/4
  1474 | D:2      | Found an opulent altar of Gozag.
  1475 | D:2      | Noticed Natasha
  1489 | D:2      | Killed Natasha
  1501 | D:2      | Noticed Natasha
  1730 | D:2      | Killed Natasha
  2084 | D:2      | Gained mutation: You sometimes gain power by taking damage.
                  | [demonic ancestry]
  2084 | D:2      | Reached XP level 5. HP: 41/41 MP: 5/5
  2113 | D:2      | Noticed Natasha
  2137 | D:2      | Killed Natasha
  2334 | D:2      | Found a sparkling altar of Nemelex Xobeh.
  2389 | D:2      | Found a burning altar of Makhleb.
  2470 | D:2      | Found a radiant altar of Vehumet.
  2474 | D:2      | Found a glowing silver altar of Zin.
  2506 | D:3      | Found a shimmering altar of Xom.
  2953 | D:2      | Found a hide-covered altar of Uskayaw.
  2953 | D:2      | Found a sacrificial altar of Ru.
  3040 | D:3      | Found a stormy altar of Qazlal.
  3216 | D:3      | Slain by an orc

Vault maps used:
D:1:      dpeg_arrival_stone_temple_mockup
D:2:      nicolae_gozag_seed_capital, nemelex_xobeh_ov_fountains_minmay,
          nicolae_overflow_hidden_temple, uniq_natasha, uniq_jessica
D:3:      lemuel_doored_altar, xom_butterflies, kennysheep_generic_room_15

Skill      XL: |  1  2  3  4  5 |
---------------+----------------+-----
Shields        | 3 |  3.8
Axes           | 2 3 |  3.3
Armour         | 3 |  3.4
Fighting       | |  3.7
Dodging        | |  0.9

Action                   |  1- 3 |  4- 6 || total
-------------------------+-------+-------++-------
Melee: War axe           |   147 |   122 ||   269
  Use: Potion            |       |     1 ||     1
  Eat: Chunk             |     1 |     3 ||     4
       Ration            |       |     1 ||     1
Armor: Scale mail        |    72 |    23 ||    95
       Ring mail         |       |    25 ||    25
Dodge: Dodged            |    46 |    39 ||    85
Block: Shield            |    83 |    70 ||   153

Table legend:
 A = Non-vault XP
 B = Vault XP
 C = Vault XP percentage of total XP
 D = Non-vault monster count
 E = Vault monster count
 F = Vault count percentage of total count
                 A         B        C        D         E       F
            +---------+---------+-------+---------+---------+-------
      Total |     220 |      91 |  29.3 |      64 |       4 |   5.9
            +---------+---------+-------+---------+---------+-------
        D:1 |      39 |       0 |   0.0 |      23 |       0 |   0.0
        D:2 |     139 |      73 |  34.4 |      30 |       2 |   6.2
        D:3 |      42 |      18 |  30.0 |      11 |       2 |  15.4
            +---------+---------+-------+---------+---------+-------
